 Dungeon Crawl Stone Soup version 0.29.0-4-gdea44cf6ec (webtiles) character file.

Game seed: 14732121445434908996

5460 qw the Cleaver (level 10, -8/80 HPs)
             Began as a Demonspawn Cinder Acolyte on Sept 8, 2022.
             Was an Initiate of Okawaru.
             Mangled by a fire elemental (11 damage)
             ... created by the fiery vengeance of Ignis
             ... on level 12 of the Dungeon.
             The game lasted 00:03:24 (10567 turns).

qw the Cleaver (Demonspawn Cinder Acolyte)         Turns: 10567, Time: 00:03:25

Health: -8/80      AC: 28    Str: 25    XL:     10   Next: 41%
Magic:  11/11      EV:  9    Int: 16    God:    Okawaru [......]
Gold:   440        SH:  7    Dex:  8    Spells: 11/11 levels left

rFire   . . .      SeeInvis .   Y - +3 war axe (flame)
rCold   . . .      Faith    .   r - +0 kite shield
rNeg    . . .      Spirit   .   s - +0 plate armour
rPois   +          Reflect  .   v - +0 helmet
rElec   .          Harm     .   a - +0 cloak
rCorr   .          Rampage  .   m - +0 pair of gloves
Will    .....      Rnd*Tele +   d - +0 pair of boots
Stlth   ..........              (no amulet)
HPRegen 0.23/turn               b - +4 ring of evasion
MPRegen 0.12/turn               l - +6 ring of strength

@: about to teleport, sanguine armoured, fire susceptible
A: sanguine armour 3, demonic magic 1, weakness stinger 2, poison resistance,
screaming 1, teleportitis 1
a: Renounce Religion


You were on level 12 of the Dungeon.
You worshipped Okawaru.
Okawaru was noncommittal.
You visited 2 branches of the dungeon, and saw 11 of its levels.

You collected 440 gold pieces.


Innate Abilities, Weirdness & Mutations

When seriously injured, your blood forms very thick armour. (AC +12)
Spells you cast may paralyse adjacent enemies.
You have a tail ending in a sharp stinger.
Your system is resistant to poisons. (rPois)
You occasionally shout uncontrollably at your foes.
You are occasionally teleported next to monsters.


   Skills:
 - Level 7.7 Fighting
 - Level 11.1 Axes
 - Level 4.0 Throwing
 - Level 4.0 Armour
 - Level 2.3 Dodging
 + Level 1.9 Shields
 - Level 1.0 Spellcasting
 - Level 2.6 Fire Magic


You had 11 spell levels left.
You didn't know any spells.
Your spell library contained the following spells:

 Spells                   Type           Power      Damage    Failure   Level
 Scorch                   Fire           18%        2d5       99%         2

Inventory:

Hand Weapons
 Y - a +3 war axe of flaming (weapon)
Missiles
 c - 10 boomerangs
 t - 2 silver javelins (quivered)
Armour
 a - a +0 cloak (worn)
 d - a +0 pair of boots (worn)
 m - a +0 pair of gloves (worn)
 r - a +0 kite shield (worn)
 s - a +0 plate armour (worn)
 v - a +0 helmet (worn)
Jewellery
 b - a +4 ring of evasion (left hand)
 k - a ring of fire
 l - a +6 ring of strength (right hand)
Scrolls
 o - 3 scrolls of teleportation
 p - a scroll of identify
Potions
 e - a potion of heal wounds
 f - a potion of might
 g - a potion of resistance
 i - 3 potions of haste
 j - a potion of berserk rage {unknown}
 q - a potion of cancellation {unknown}

Dungeon Overview and Level Annotations

Branches:
Dungeon (9/15)             Temple (1/1) D:6
   Lair: D:8-11         Orc: D:9-12

Altars:
Ashenzari
Dithmenos
Fedhas
Gozag
Hepliaklqana
Kikubaaqudgha
Makhleb
Okawaru
Qazlal
Ru
Sif Muna
Trog
Vehumet
Wu Jian
Xom
Yredelemnul

Annotations:
D:9 1 runed translucent door


Message History

(1) D:9 (2) Temple Assign waypoint to what number? (0-9, D - delete waypoint) Waypoint 2 re-assigned from Temple to D:12.
Enter note: You now have 440 gold pieces (gained 25).
Ignis calls forth spirits of fire to unmake you!
The divine experience confuses you!
You are confused. 2 fire elementals come into view.
10561 ||| DRINKING potion of curing.
You feel better.
10561 ||| (to cure confusion)
You slash the fire elemental!
The fire elemental is moderately damaged.
You slash the fire elemental! The fire elemental hits you.
The fire elemental burns you! The fire elemental hits you.
The fire elemental burns you!
You closely miss the fire elemental.
The fire elemental is moderately damaged.
You barely miss the fire elemental. The fire elemental hits you.
The fire elemental burns you! The fire elemental barely misses you.
The fire elemental hits you. The fire elemental burns you!
The fire elemental closely misses you.
You hit the fire elemental.
The fire elemental is heavily damaged.
You barely miss the fire elemental. The fire elemental hits you.
The fire elemental burns you!
Your blood congeals into armour.
The fire elemental hits you. The fire elemental burns you!
You closely miss the fire elemental.
The fire elemental is heavily damaged.
You completely miss the fire elemental. The fire elemental hits you.
The fire elemental burns you! You block the fire elemental's attack.
The fire elemental hits you. The fire elemental burns you!
The fire elemental hits you. The fire elemental burns you!
10567 ||| READING 4 scrolls of teleportation.
As you read the scroll of teleportation, it crumbles to dust.
You feel strangely unstable. The fire elemental hits you.
The fire elemental burns you! The fire elemental hits you.
The fire elemental burns you!
You die...

#######
###.....##
###........##
##...........##
#.............#
#............##
##..........##
#..E.......#
##E@......##
#.......##
##.....##
#....###
#...### #...##
#...# ....#
....#


You could see 2 fire elementals.

Vanquished Creatures
  A tengu warrior (D:8)
  Pikel (D:4)
  Prince Ribbit (D:7)
  A wraith (D:9)
  2 water moccasins
  2 orc warriors
  A black bear (D:6)
  2 sky beasts
  2 ogres
  2 ice beasts
  4 centaurs
  4 lemures (D:4)
  2 phantoms (D:6)
  A bullfrog (D:8)
  2 gnoll sergeants
  5 scorpions
  A necrophage (D:6)
  7 wights
  14 killer bees
  2 howler monkeys
  3 jellies
  4 orc priests
  Crazy Yiuf (D:3)
  7 hounds
  2 iguanas
  5 orc wizards
  20 gnolls
  5 adders
  A shadow imp (D:7)
  6 worms
  A dart slug (D:2)
  18 orcs
  7 bats
  9 endoplasms
  4 giant cockroaches
  12 goblins
  6 hobgoblins
  3 jackals (D:2)
  2 quokkas
  8 ball pythons
  3 frilled lizards
  8 kobolds
  5 rats
  A spectral orc (D:6)
198 creatures vanquished.

Vanquished Creatures (others)
  7 plants (D:2)
7 creatures vanquished.

Grand Total: 205 creatures vanquished

Notes
Turn   | Place    | Note
-------+----------+-------------------------------------------
     0 | D:1      | qw the Demonspawn Cinder Acolyte began the quest for the
                  | Orb.
     0 | D:1      | Reached XP level 1. HP: 18/18 MP: 2/2
     0 | D:1      | 0 ||| qw: Version: 0.1-a-111-g1c1fd2e
     0 | D:1      | 0 ||| qw: Game counter: 6644
     0 | D:1      | 0 ||| qw: Always use a shield: true
     0 | D:1      | 0 ||| qw: God list: Okawaru
     0 | D:1      | 0 ||| qw: Allow faded altars: false
     0 | D:1      | 0 ||| qw: Do Orc after D:15 true
     0 | D:1      | 0 ||| qw: Do second Lair branch before Depths: true
     0 | D:1      | 0 ||| qw: Lair rune preference: random
     0 | D:1      | 0 ||| qw: Plans: Normal
     0 | D:1      | 0 ||| PLANNING D:1-11
   241 | D:1      | 241 ||| INVOKING Fiery Armour.
   245 | D:1      | Reached skill level 3 in Axes
   552 | D:1      | Gained mutation: You have a small tail. [demonic ancestry]
   552 | D:1      | Reached XP level 2. HP: 20/24 MP: 3/3
   815 | D:1      | 815 ||| Stepping ~*~*~tactically~*~*~ (stealth).
   819 | D:1      | 819 ||| Stepping ~*~*~tactically~*~*~ (stealth).
  1309 | D:1      | 1309 ||| UPGRADING to +0 ring mail.
  1319 | D:1      | 1319 ||| DROPPING +0 robe.
  1320 | D:1      | 1320 ||| UPGRADING to +0 pair of boots.
  1325 | D:1      | 1325 ||| READING scroll labelled HUODEEJIDO.
  1326 | D:1      | 1326 ||| READING scroll labelled QUSUXI WEGEIFI.
  1330 | D:1      | 1330 ||| READING scroll labelled NAOFFIRIAF.
  1346 | D:2      | 1346 ||| INVOKING Fiery Armour.
  1352 | D:2      | 1352 ||| STAIRDANCE
  1355 | D:1      | Gained mutation: When seriously injured, your blood forms
                  | armour. (AC +12) [demonic ancestry]
  1355 | D:1      | Reached XP level 3. HP: 23/29 MP: 4/4
  1359 | D:1      | Reached skill level 4 in Axes
  1471 | D:2      | 1471 ||| STAIRDANCE
  1595 | D:2      | 1595 ||| INVOKING Fiery Armour.
  1776 | D:2      | 1776 ||| Stepping ~*~*~tactically~*~*~ (hiding).
  1859 | D:2      | 1859 ||| Stepping ~*~*~tactically~*~*~ (stealth).
  1872 | D:2      | 1872 ||| INVOKING Fiery Armour.
  1873 | D:2      | Gained mutation: Spells you cast may paralyse adjacent
                  | enemies. [demonic ancestry]
  1873 | D:2      | Reached XP level 4. HP: 12/35 MP: 5/5
  1873 | D:2      | 1873 ||| Stepping ~*~*~tactically~*~*~ (stealth).
  1875 | D:2      | HP: 8/35 [poisoned by an adder]
  1877 | D:2      | 1877 ||| Stepping ~*~*~tactically~*~*~ (stealth).
  1975 | D:2      | 1975 ||| FLEEEEING.
  2044 | D:2      | 2044 ||| FLEEEEING.
  2045 | D:2      | 2045 ||| STAIRDANCE
  2333 | D:2      | Found an opulent altar of Gozag.
  2397 | D:2      | 2397 ||| Stepping ~*~*~tactically~*~*~ (stealth).
  2429 | D:2      | Found a faded altar of an unknown god.
  2772 | D:2      | 2772 ||| Stepping ~*~*~tactically~*~*~ (stealth).
  2777 | D:2      | 2777 ||| Stepping ~*~*~tactically~*~*~ (stealth).
  2778 | D:2      | 2778 ||| Stepping ~*~*~tactically~*~*~ (stealth).
  2789 | D:2      | Reached skill level 5 in Axes
  3007 | D:2      | Found the +11 plutonium sword {Contam Stlth-}
  3075 | D:2      | 3075 ||| UPGRADING to +4 ring of evasion.
  3100 | D:3      | 3100 ||| Stepping ~*~*~tactically~*~*~ (hiding).
  3101 | D:3      | 3101 ||| Stepping ~*~*~tactically~*~*~ (hiding).
  3467 | D:3      | Found a runed translucent door.
  3468 | D:3      | Noticed Crazy Yiuf
  3498 | D:3      | Found a bloodstained altar of Trog.
  3509 | D:3      | 3509 ||| Stepping ~*~*~tactically~*~*~ (stealth).
  3540 | D:3      | Reached skill level 1 in Armour
  3681 | D:3      | Gained mutation: When seriously injured, your blood forms
                  | thick armour. (AC +12) [demonic ancestry]
  3681 | D:3      | Reached XP level 5. HP: 40/41 MP: 6/6
  3802 | D:3      | 3802 ||| DROPPING +6 ring of intelligence.
  3803 | D:3      | 3803 ||| UPGRADING to +6 ring of strength.
  3804 | D:3      | 3804 ||| READING scroll labelled WUINICK RAAWA.
  3805 | D:3      | 3805 ||| READING scroll labelled JADWIE ECSAMIO.
  3806 | D:3      | 3806 ||| READING scroll labelled BYFAPT FUNTEL.
  3807 | D:3      | 3807 ||| DRINKING 2 purple potions.
  3808 | D:3      | 3808 ||| READING 2 scrolls of identify.
  3808 | D:3      | 3808 ||| IDENTIFYING inky potion
  3809 | D:3      | 3809 ||| DROPPING potion of degeneration.
  3810 | D:3      | 3810 ||| Stepping randomly (stuck).
  3812 | D:3      | Killed Crazy Yiuf
  3813 | D:3      | Reached skill level 1 in Dodging
  3956 | D:3      | 3956 ||| UPGRADING to +0 cloak.
  4034 | D:4      | 4034 ||| Stepping ~*~*~tactically~*~*~ (hiding).
  4037 | D:4      | 4037 ||| INVOKING Fiery Armour.
  4047 | D:4      | 4047 ||| Stepping ~*~*~tactically~*~*~ (stealth).
  4080 | D:4      | 4080 ||| Stepping ~*~*~tactically~*~*~ (stealth).
  4081 | D:4      | 4081 ||| Stepping ~*~*~tactically~*~*~ (stealth).
  4113 | D:4      | 4113 ||| Stepping ~*~*~tactically~*~*~ (hiding).
  4183 | D:4      | Reached skill level 6 in Axes
  4183 | D:4      | Gained mutation: You have a tail ending in a sharp stinger.
                  | [demonic ancestry]
  4183 | D:4      | Reached XP level 6. HP: 41/47 MP: 7/7
  4224 | D:4      | Noticed Pikel
  4225 | D:4      | 4225 ||| Stepping ~*~*~tactically~*~*~ (stealth).
  4227 | D:4      | 4227 ||| Stepping ~*~*~tactically~*~*~ (hiding).
  4230 | D:4      | 4230 ||| Stepping ~*~*~tactically~*~*~ (hiding).
  4234 | D:4      | 4234 ||| INVOKING Fiery Armour.
  4245 | D:4      | HP: 10/47 [Pikel/+1 whip of flaming (4)]
  4247 | D:4      | HP: 4/47 [Pikel/+1 whip of flaming (6)]
  4255 | D:4      | Killed Pikel
  4256 | D:4      | Reached skill level 6 in Fighting
  4256 | D:4      | Reached XP level 7. HP: 5/59 MP: 8/8
  4583 | D:4      | 4583 ||| Stepping ~*~*~tactically~*~*~ (stealth).
  4761 | D:4      | 4761 ||| Stepping ~*~*~tactically~*~*~ (stealth).
  4763 | D:4      | 4763 ||| Stepping ~*~*~tactically~*~*~ (stealth).
  4764 | D:4      | 4764 ||| Stepping ~*~*~tactically~*~*~ (stealth).
  5072 | D:4      | 5072 ||| UPGRADING to +0 scale mail.
  5082 | D:4      | 5082 ||| DROPPING +0 ring mail.
  5083 | D:4      | 5083 ||| UPGRADING to +1 hat.
  5088 | D:4      | 5088 ||| READING scroll labelled XACOEM JERE.
  5089 | D:4      | 5089 ||| READING scroll labelled OSIZ EFASAE.
  5090 | D:4      | 5090 ||| DRINKING 2 cyan potions.
  5091 | D:4      | 5091 ||| READING 4 scrolls of identify.
  5091 | D:4      | 5091 ||| IDENTIFYING pink potion
  5092 | D:4      | 5092 ||| READING 3 scrolls of identify.
  5092 | D:4      | 5092 ||| IDENTIFYING fuming black potion
  5093 | D:4      | 5093 ||| READING 2 scrolls of identify.
  5093 | D:4      | 5093 ||| IDENTIFYING ruby potion
  5094 | D:4      | 5094 ||| DROPPING potion of attraction.
  5112 | D:5      | Entered Level 5 of the Dungeon
  5387 | D:5      | Reached skill level 1 in Throwing
  5387 | D:5      | Reached XP level 8. HP: 36/65 MP: 9/9
  5545 | D:5      | 5545 ||| Stepping ~*~*~tactically~*~*~ (stealth).
  5701 | D:5      | 5701 ||| Stepping ~*~*~tactically~*~*~ (hiding).
  5717 | D:5      | Reached skill level 7 in Axes
  5826 | D:5      | 5826 ||| UPGRADING to +0 pair of gloves.
  5831 | D:5      | 5831 ||| DROPPING ring of resist corrosion.
  5832 | D:5      | 5832 ||| READING scroll labelled JUOLEU PEADEO.
  5842 | D:6      | 5842 ||| Stepping ~*~*~tactically~*~*~ (hiding).
  5848 | D:6      | 5848 ||| INVOKING Fiery Armour.
  6089 | D:6      | Reached skill level 8 in Axes
  6388 | D:6      | Found a staircase to the Ecumenical Temple.
  6402 | D:6      | Found a shimmering blue altar of Sif Muna.
  6510 | D:6      | Reached skill level 9 in Axes
  6510 | D:6      | Reached XP level 9. HP: 65/71 MP: 10/10
  6604 | D:6      | Found a basalt altar of Yredelemnul.
  6667 | D:6      | Reached skill level 3 in Throwing
  6709 | D:6      | 6709 ||| INVOKING Fiery Armour.
  6723 | D:6      | Reached skill level 3 in Armour
  6962 | D:6      | 6962 ||| READING scroll of enchant weapon.
  6962 | D:6      | 6962 ||| ENCHANTING +0 hand axe of flaming.
  7099 | D:6      | Found a hazy altar of Hepliaklqana.
  7103 | D:6      | Found a broken altar of Ashenzari.
  7104 | D:6      | Found a burning altar of Makhleb.
  7105 | D:6      | Found a stormy altar of Qazlal.
  7105 | D:6      | Found a shadowy altar of Dithmenos.
  7108 | D:6      | Found a shimmering altar of Xom.
  7110 | D:6      | Found an ancient bone altar of Kikubaaqudgha.
  7187 | D:6      | 7187 ||| UPGRADING to +0 helmet.
  7197 | D:6      | 7197 ||| DROPPING +1 hat.
  7198 | D:6      | 7198 ||| DRINKING 2 grey potions.
  7199 | D:6      | 7199 ||| DROPPING potion of brilliance.
  7436 | D:7      | 7436 ||| INVOKING Fiery Armour.
  7655 | D:7      | 7655 ||| SWAPPING to +3 war axe of flaming.
  7656 | D:7      | 7656 ||| DROPPING +1 hand axe of flaming.
  7712 | D:7      | Noticed Prince Ribbit
  7725 | D:7      | Killed Prince Ribbit
  7726 | D:7      | Reached skill level 10 in Axes
  7913 | D:7      | 7913 ||| Stepping ~*~*~tactically~*~*~ (stealth).
  7918 | D:7      | 7918 ||| INVOKING Fiery Armour.
  7928 | D:7      | 7928 ||| FLEEEEING.
  7929 | D:7      | 7929 ||| FLEEEEING.
  7930 | D:7      | 7930 ||| FLEEEEING.
  7932 | D:7      | 7932 ||| FLEEEEING.
  7933 | D:7      | 7933 ||| FLEEEEING.
  7934 | D:7      | 7934 ||| FLEEEEING.
  7935 | D:7      | 7935 ||| FLEEEEING.
  7936 | D:7      | 7936 ||| FLEEEEING.
  7937 | D:7      | 7937 ||| FLEEEEING.
  7938 | D:7      | 7938 ||| FLEEEEING.
  7939 | D:7      | 7939 ||| FLEEEEING.
  7940 | D:7      | 7940 ||| FLEEEEING.
  7941 | D:7      | 7941 ||| FLEEEEING.
  7942 | D:7      | 7942 ||| FLEEEEING.
  7943 | D:7      | 7943 ||| FLEEEEING.
  7944 | D:7      | 7944 ||| FLEEEEING.
  7945 | D:7      | 7945 ||| FLEEEEING.
  7946 | D:7      | 7946 ||| FLEEEEING.
  7947 | D:7      | 7947 ||| FLEEEEING.
  7948 | D:7      | 7948 ||| FLEEEEING.
  7949 | D:7      | 7949 ||| FLEEEEING.
  7951 | D:7      | 7951 ||| FLEEEEING.
  7952 | D:7      | 7952 ||| FLEEEEING.
  7953 | D:7      | 7953 ||| FLEEEEING.
  7954 | D:7      | 7954 ||| FLEEEEING.
  7955 | D:7      | 7955 ||| FLEEEEING.
  7956 | D:7      | 7956 ||| FLEEEEING.
  7958 | D:7      | 7958 ||| FLEEEEING.
  7959 | D:7      | 7959 ||| STAIRDANCE
  8088 | D:6      | 8088 ||| READING scroll labelled VELIBI NUJI.
  8189 | D:6      | 8189 ||| DRINKING 2 smoky silvery potions.
  8189 | D:6      | Gained mutation: You are occasionally teleported next to
                  | monsters. [potion of mutation]
  8189 | D:6      | Gained mutation: Your spells are a little easier to cast,
                  | but a little less powerful. [potion of mutation]
  8189 | D:6      | Gained mutation: You have supernaturally acute eyesight.
                  | (SInv) [potion of mutation]
  8189 | D:6      | Gained mutation: Your flesh is cold resistant. (rC+)
                  | [potion of mutation]
  8190 | D:6      | 8190 ||| DRINKING potion of mutation.
  8190 | D:6      | Lost mutation: You have supernaturally acute eyesight.
                  | (SInv) [potion of mutation]
  8190 | D:6      | Lost mutation: Your flesh is cold resistant. (rC+) [potion
                  | of mutation]
  8190 | D:6      | Lost mutation: Your spells are a little easier to cast, but
                  | a little less powerful. [potion of mutation]
  8190 | D:6      | Gained mutation: You occasionally shout uncontrollably at
                  | your foes. [potion of mutation]
  8190 | D:6      | Gained mutation: Your system is resistant to poisons.
                  | (rPois) [potion of mutation]
  8282 | D:7      | 8282 ||| Stepping ~*~*~tactically~*~*~ (hiding).
  8286 | D:7      | 8286 ||| Stepping ~*~*~tactically~*~*~ (hiding).
  8290 | D:7      | 8290 ||| INVOKING Fiery Armour.
  8410 | D:7      | 8410 ||| Stepping ~*~*~tactically~*~*~ (stealth).
  8475 | D:7      | 8475 ||| Stepping ~*~*~tactically~*~*~ (stealth).
  8477 | D:7      | 8477 ||| Stepping ~*~*~tactically~*~*~ (stealth).
  8752 | D:7      | 8752 ||| READING scroll labelled KELAUSA QUUST.
  8753 | D:7      | 8753 ||| DRINKING 2 lumpy dark potions.
  8754 | D:7      | 8754 ||| DROPPING potion of invisibility.
  8833 | D:8      | Noticed a tengu warrior
  8841 | D:8      | 8841 ||| INVOKING Fiery Armour.
  8843 | D:8      | Killed a tengu warrior
  8844 | D:8      | Reached skill level 11 in Axes
  8844 | D:8      | Gained mutation: When seriously injured, your blood forms
                  | very thick armour. (AC +12) [demonic ancestry]
  8844 | D:8      | Reached XP level 10. HP: 39/79 MP: 11/11
  9154 | D:8      | 9154 ||| INVOKING Fiery Armour.
  9450 | D:8      | Found the +18 Lear's hauberk
  9509 | D:8      | 9509 ||| Stepping ~*~*~tactically~*~*~ (stealth).
  9746 | D:8      | 9746 ||| Stepping ~*~*~tactically~*~*~ (stealth).
  9747 | D:8      | 9747 ||| Stepping ~*~*~tactically~*~*~ (stealth).
 10054 | D:8      | 10054 ||| Stepping ~*~*~tactically~*~*~ (stealth).
 10063 | D:8      | 10063 ||| Stepping ~*~*~tactically~*~*~ (stealth).
 10077 | D:8      | 10077 ||| DRINKING potion of curing.
 10077 | D:8      | 10077 ||| (to cure confusion)
 10177 | D:8      | 10177 ||| PLANNING TEMPLE
 10177 | D:8      | 10177 ||| UPGRADING to -2 chain mail.
 10187 | D:8      | 10187 ||| DROPPING +0 scale mail.
 10188 | D:8      | 10188 ||| UPGRADING to +0 kite shield.
 10193 | D:8      | 10193 ||| UPGRADING to +0 plate armour.
 10203 | D:8      | 10203 ||| DROPPING -2 chain mail.
 10204 | D:8      | 10204 ||| DRINKING 4 viscous cyan potions.
 10205 | D:8      | 10205 ||| DROPPING 3 potions of flight.
 10285 | Temple   | Entered the Ecumenical Temple
 10299 | Temple   | 10299 ||| PLANNING CONVERSION TO OKAWARU
 10306 | Temple   | Fell from the grace of Ignis
 10306 | Temple   | Became a worshipper of Warmaster Okawaru
 10307 | Temple   | 10307 ||| PLANNING D:1-11
 10385 | D:9      | Found a runed translucent door.
 10399 | D:9      | Reached skill level 1 in Shields
 10541 | D:9      | You fall into a shaft and drop 3 floors!
 10561 | D:12     | 10561 ||| DRINKING potion of curing.
 10561 | D:12     | 10561 ||| (to cure confusion)
 10566 | D:12     | HP: 18/80 [fire elemental[the fiery vengeance of Ignis]
                  | (9)]
 10567 | D:12     | 10567 ||| READING 4 scrolls of teleportation.
 10567 | D:12     | HP: 4/80 [fire elemental[the fiery vengeance of Ignis]
                  | (11)]
 10567 | D:12     | Mangled by a fire elemental

Levels and vault maps discovered:
D:1:      mushboom_english_gardens, layout_basic
D:2:      layout_basic, shapermc_ecumenical_altar_starsandcircs, basic_altar,
          serial_forest, infiniplex_forest_clump_double,
          infiniplex_forest_lined_3, infiniplex_forest_clump_curved,
          infiniplex_forest_corner_1, infiniplex_forest_straight_1,
          infiniplex_forest_corner_1, grunt_decor_cap, minmay_hedge_maze
D:3:      layout_basic, mainiacjoe_overflow_alcove_2, uniq_crazy_yiuf_cottage
D:4:      layout_basic, st_stairs_4, uniq_pikel
D:5:      layout_cave_pools
D:6:      layout_loops_ring, minitemple, yredelemnul_forgotten_temple_becter,
          minmay_temple_entry_trees
D:7:      layout_cave_pods, uniq_prince_ribbit1
D:8:      layout_gridville, hellmonk_guarded_unrand_lears
D:9:      layout_roguey, enter_bailey_3, minivault_22,
          minmay_statue_crystal_thing, uniq_amaemon
D:12:     layout_cave_pods
Temple:   nicolae_temple_hex_pool

Skill      XL: |  1  2  3  4  5  6  7  8  9 10 |
---------------+-------------------------------+-----
Axes           | 3 4 5 6 9 11 | 11.1
Armour         | 1 2 3 4 |  4.0
Dodging        | 1 2 |  2.3
Fighting       | 6 7 |  7.7
Throwing       | 1 2 3 4 |  4.0
Shields        | 1 |  1.9
Spellcasting   | |  1.0
Fire Magic     | |  2.6

Action                   |  1- 3 |  4- 6 |  7- 9 | 10-12 || total
-------------------------+-------+-------+-------+-------++-------
Melee: Hand axe          |    92 |   168 |   205 |       ||   465
       Tailslap          |     7 |    17 |    44 |     8 ||    76
       Punch             |       |     1 |     3 |     1 ||     5
       War axe           |       |       |    50 |    95 ||   145
Throw: Boomerang         |       |       |     6 |     4 ||    10
       Javelin           |       |       |    34 |    13 ||    47
Invok: Fiery Armour      |     4 |     2 |     6 |     1 ||    13
  Use: Scroll            |     3 |     4 |     9 |     1 ||    17
       Potion            |       |     1 |     5 |     3 ||     9
Armor: Robe              |    24 |       |       |       ||    24
       Ring mail         |    17 |    69 |    14 |       ||   100
       Scale mail        |       |       |   111 |    16 ||   127
       Plate armour      |       |       |       |    16 ||    16
Dodge: Dodged            |    49 |   125 |   185 |    64 ||   423
Block: Kite shield       |       |       |       |     6 ||     6

Table legend:
 A = Non-vault XP
 B = Vault XP
 C = Vault XP percentage of total XP
 D = Non-vault monster count
 E = Vault monster count
 F = Vault count percentage of total count
                 A         B        C        D         E       F
            +---------+---------+-------+---------+---------+-------
      Total |    5963 |    1837 |  23.6 |     186 |       8 |   4.1
            +---------+---------+-------+---------+---------+-------
        D:1 |      60 |       0 |   0.0 |      22 |       0 |   0.0
        D:2 |     107 |       0 |   0.0 |      24 |       0 |   0.0
        D:3 |      32 |      40 |  55.6 |      19 |       1 |   5.0
        D:4 |     357 |     694 |  66.0 |      25 |       4 |  13.8
        D:5 |     565 |       0 |   0.0 |      15 |       0 |   0.0
        D:6 |    1422 |       1 |   0.1 |      16 |       1 |   5.9
        D:7 |    1401 |     286 |  17.0 |      28 |       1 |   3.4
        D:8 |    1629 |     816 |  33.4 |      31 |       1 |   3.1
        D:9 |     390 |       0 |   0.0 |       6 |       0 |   0.0
            +---------+---------+-------+---------+---------+-------
